 Dungeon Sprint DCSS version 0.21.1-1-g345015f (webtiles) character file.

10489 Fang the Warrior (level 11, -1/178 HPs)
             Began as a Minotaur Berserker on June 14, 2018.
             Was the Champion of Trog.
             Slain by a nagaraja
             ... wielding the +3 flail "Arurhik" {venom, +Rage Dex+3}
              (12 damage)
             ... in the Dungeon (Sprint V: "Ziggurat Sprint").
             The game lasted 00:04:34 (960 turns).

Fang the Warrior (Minotaur Berserker)                Turns: 960, Time: 00:04:35

Health: -1/178     AC: 16    Str: 33    XL:     11   Next: 36%
Magic:  19/19      EV:  9    Int:  4    God:    Trog [******]
Gold:   0          SH:  0    Dex: 10    Spells: 10/10 levels left

rFire    + + +     SeeInvis .   A - +2 broad axe (holy)
rCold    . . .     Gourm    .   (no shield)
rNeg     . . .     Faith    .   j - +5 shadow dragon scales
rPois    .         Spirit   .   (helmet restricted)
rElec    .         Reflect  .   (no cloak)
rCorr    .         Harm     .   (no gloves)
MR       ++...     NoTele   +   (no boots)
Stlth    ..........             b - amulet of Yendor {*Corrode rF++ MR+ Regen+ MP+9}
HPRegen  0.79/turn              G - ring of flight
MPRegen  0.16/turn              B - ring "Yxzun" {rF+ MR+ Str+3}

@: berserking, lethally poisoned (-1 -> -52), corroded, constricted, very quick
A: retaliatory headbutt, horns 2
a: Berserk, Trog's Hand, Brothers in Arms, Burn Spellbooks, Renounce Religion,
Evoke Flight


You were in the Dungeon.
You worshipped Trog.
Trog was exalted by your worship.
You were hungry.

You visited 1 branch

Inventory:

Hand Weapons
 k - a +5 executioner's axe of electrocution
 A - a +2 broad axe of holy wrath (weapon)
 F - a +3 executioner's axe of flaming
 H - the +4 hand axe of Res Nullius {venom, Stlth+}
   (You found it in the Dungeon)

   It poisons the flesh of those it strikes.
   It makes you more stealthy.
Armour
 j - +5 shadow dragon scales (worn)
Jewellery
 b - the amulet of Yendor (around neck) {*Corrode rF++ MR+ Regen+ MP+9}
   (You found it in the Dungeon)

   [amulet of regeneration]

   It greatly protects you from fire.
   It affects your resistance to hostile enchantments.
   It affects your magic capacity (+9).
   It increases your rate of regeneration.
   It may corrode you when you take damage.
 l - the ring of Bonuuhol {rC+ Str+3 Stlth+}
   (You found it in the Dungeon)

   [ring of protection from cold]

   It affects your strength (+3).
   It protects you from cold.
   It makes you more stealthy.
 B - the ring "Yxzun" (right hand) {rF+ MR+ Str+3}
   (You found it in the Dungeon)

   [ring of protection from magic]

   It affects your strength (+3).
   It protects you from fire.
   It affects your resistance to hostile enchantments.
 E - a +2 ring of strength
 G - a ring of flight (left hand)
Wands
 x - a wand of disintegration (7)
 y - a wand of iceblast (7)
 z - a wand of acid (7)
Scrolls
 i - 4 scrolls of blinking
 m - 8 scrolls of fog
 n - a scroll of holy word
 o - 5 scrolls of identify
 p - 5 scrolls of remove curse
 q - 2 scrolls of fear
 C - 4 scrolls of enchant weapon
Potions
 d - 10 potions of curing
 e - 10 potions of heal wounds
 f - 6 potions of haste
 g - 7 potions of magic
 h - 3 potions of berserk rage
 r - 2 potions of brilliance
 s - 2 potions of invisibility
 t - 4 potions of resistance
 u - a potion of experience
 v - 6 potions of agility
 w - 5 potions of might
Books
 D - a book of Maledictions

   Spells                             Type                      Level
   a - Corona                         Hexes                        1
   b - Ensorcelled Hibernation        Hexes/Ice                    2
   c - Confuse                        Hexes                        3
   d - Tukima's Dance                 Hexes                        3
   e - Dazzling Spray                 Conjuration/Hexes            3
   Trog disapproves of the use of such an item.
Comestibles
 c - 7 rations


   Skills:
 + Level 18.0 Fighting
 + Level 17.5(19.3) Axes
   Level 14.9(18.1) Polearms
 + Level 12.7 Armour
 + Level 7.7 Dodging
 + Level 0.4 Stealth


You had 10 spell levels left.
You didn't know any spells.

Dungeon Overview and Level Annotations

Branches:
Dungeon (1/1)

Altars:
Ashenzari
Cheibriados
Dithmenos
Elyvilon
Fedhas
Gozag
Hepliaklqana
Kikubaaqudgha
Makhleb
Nemelex Xobeh
Okawaru
Qazlal
Ru
Sif Muna
Trog
Uskayaw
Vehumet
Wu Jian
Xom
Yredelemnul
Zin
The Shining One
Beogh
Jiyva
Lugonu

Annotations:
D 1 transporter


Innate Abilities, Weirdness & Mutations

You reflexively headbutt those who attack you in melee.
You have a pair of horns on your head.


Message History

You slice the naga mage!!
You kill the naga mage!
Trog accepts your kill. Something appears at your feet!
Trog grants you a weapon!
Trog appreciates your killing of a magic user.
You closely miss the nagaraja.
* * * LOW HITPOINT WARNING * * *
You feel sick.
The nagaraja hits you with the +3 flail "Arurhik" {venom, +Rage Dex+3}!
* * * LOW HITPOINT WARNING * * *
You are more poisoned.
The nagaraja constricts you.
You slash the nagaraja!
You headbutt the nagaraja, but do no damage.
The nagaraja is heavily wounded.
* * * LOW HITPOINT WARNING * * *
You feel sick.
The nagaraja hits you with the +3 flail "Arurhik" {venom, +Rage Dex+3}!
You die...

▓▓▓▓▓▓▓▓▓▓▓▓▓▓▓▓▓▓
▓...8©8...▓...8©8...
▓..))).)..▓....)")..
▓..})|.}..▓....))|..
▓.........▓.........
▓.........▓....)....
▓.........▓...†)....
▓..N.†....▓....)....
▓..@).....▓.▓.....▓.
▓..).|....▓....©....
▓....©....▓▓▓▓▓▓▓▓▓▓
▓▓▓▓▓▓▓▓▓▓▓


You could see a nagaraja.

Vanquished Creatures
  A stone giant (D)
  A rakshasa (D)
  A centaur warrior (D)
  An anaconda (D)
  A large abomination (D)
  An ironbrand convoker (D)
  A shining eye (D)
  A harpy (shapeshifter) (D)
  A salamander (shapeshifter) (D)
  3 naga magi (D)
  A guardian serpent (D)
  2 rime drakes (D)
  3 yaktaurs (D)
  An ice devil (D)
  2 polar bears (D)
  2 blink frogs (shapeshifter) (D)
  3 air elementals (D)
  A spriggan (D)
  2 steam dragons (D)
  A neqoxec (D)
  A water moccasin (D)
  A black bear (D)
  2 ice beasts (D)
  2 phantoms (D)
  A necrophage (D)
  A wight (D)
  4 crimson imps (D)
  An orc priest (D)
  3 orc wizards (D)
  2 adders (D)
  A shadow imp (D)
  A white imp (D)
  2 ufetubi (D)
  2 adder skeletons (D)
  3 orcs (D)
  A ball python (D)
  A bat skeleton (D)
  2 leopard gecko skeletons (D)
61 creatures vanquished.

Vanquished Creatures (others)
  2 insubstantial wisps (D)
2 creatures vanquished.

Grand Total: 63 creatures vanquished

Notes
Turn   | Place    | Note
-------+----------+-------------------------------------------
     0 | D        | Found the +7 great mace "Firestarter" {inner flame, rF++}
     0 | D        | Fang the Minotaur Berserker began the quest for the Orb.
     0 | D        | Reached XP level 1. HP: 19/19 MP: 0/0
     3 | D        | Found a blossoming altar of Fedhas.
     4 | D        | Found a viscous altar of Jiyva.
     4 | D        | Found a hazy altar of Hepliaklqana.
     4 | D        | Found a transporter.
     4 | D        | Found an opulent altar of Gozag.
     4 | D        | Found an ancient bone altar of Kikubaaqudgha.
     4 | D        | Found a corrupted altar of Lugonu.
    10 | D        | Found a burning altar of Makhleb.
    11 | D        | Found a stormy altar of Qazlal.
    11 | D        | Found a sacrificial altar of Ru.
    11 | D        | Found an iron altar of Okawaru.
    11 | D        | Found a deep blue altar of Sif Muna.
    11 | D        | Found a sparkling altar of Nemelex Xobeh.
    11 | D        | Found a bloodstained altar of Trog.
    75 | D        | Entered arena 2.
    75 | D        | Noticed a spriggan
    75 | D        | Noticed a black bear
    75 | D        | Found a transporter.
    78 | D        | Killed a spriggan
    78 | D        | Reached skill level 8 in Fighting
    78 | D        | Reached XP level 2. HP: 36/36 MP: 1/1
    78 | D        | Reached XP level 3. HP: 41/41 MP: 2/2
    78 | D        | Reached XP level 4. HP: 49/49 MP: 3/3
    78 | D        | Reached XP level 5. HP: 56/56 MP: 4/4
    80 | D        | Killed a black bear
    80 | D        | Reached skill level 9 in Fighting
    80 | D        | Reached skill level 5 in Armour
   126 | D        | Reached ** piety under Trog
   129 | D        | Entered arena 3.
   129 | D        | Found a transporter.
   132 | D        | Reached *** piety under Trog
   132 | D        | Reached skill level 10 in Fighting
   132 | D        | Reached skill level 10 in Axes
   132 | D        | Reached XP level 6. HP: 66/66 MP: 5/5
   154 | D        | Entered arena 4.
   154 | D        | Noticed a rime drake
   154 | D        | Noticed a rime drake
   154 | D        | Noticed a steam dragon
   154 | D        | Noticed a steam dragon
   154 | D        | Found a transporter.
   159 | D        | Killed a rime drake
   159 | D        | Reached skill level 11 in Fighting
   159 | D        | Reached skill level 5 in Dodging
   162 | D        | Killed a steam dragon
   162 | D        | Reached **** piety under Trog
   162 | D        | Reached XP level 7. HP: 75/75 MP: 6/6
   163 | D        | Killed a steam dragon
   163 | D        | Reached skill level 12 in Fighting
   166 | D        | Killed a rime drake
   166 | D        | Reached skill level 5 in Polearms
   227 | D        | Entered arena 5.
   227 | D        | Found a transporter.
   228 | D        | Found the +2 Maxwell's thermic engine {flame, freeze, rF- rC-}
   232 | D        | Reached ***** piety under Trog
   232 | D        | Reached XP level 8. HP: 85/85 MP: 7/7
   240 | D        | Got the amulet of Yendor {*Corrode rF++ MR+ Regen+ MP+9}
   256 | D        | Entered arena 6.
   256 | D        | Noticed an air elemental
   256 | D        | Noticed an air elemental
   256 | D        | Noticed an air elemental
   256 | D        | Found a transporter.
   259 | D        | Killed an air elemental
   259 | D        | Reached skill level 13 in Fighting
   261 | D        | Killed an air elemental
   262 | D        | Killed an air elemental
   294 | D        | Received a gift from Trog
   309 | D        | Entered arena 7.
   309 | D        | Noticed a harpy
   309 | D        | Noticed a salamander
   309 | D        | Noticed a troll
   309 | D        | Noticed a blink frog
   309 | D        | Noticed a shining eye
   312 | D        | Noticed a blink frog
   312 | D        | a troll changed into a blink frog
   314 | D        | Killed a harpy
   314 | D        | Reached skill level 14 in Fighting
   319 | D        | Killed a blink frog
   319 | D        | Reached XP level 9. HP: 96/96 MP: 8/8
   323 | D        | Killed a salamander
   324 | D        | Reached skill level 15 in Fighting
   326 | D        | Killed a shining eye
   326 | D        | Received a gift from Trog
   326 | D        | Reached skill level 10 in Polearms
   335 | D        | Found a transporter.
   490 | D        | Entered arena 8.
   490 | D        | Noticed an ice devil
   490 | D        | Noticed a polar bear
   490 | D        | Noticed a polar bear
   492 | D        | Found a transporter.
   494 | D        | Received a gift from Trog
   495 | D        | Killed a polar bear
   495 | D        | Reached skill level 10 in Armour
   498 | D        | Killed an ice devil
   499 | D        | Killed a polar bear
   499 | D        | Reached XP level 10. HP: 107/107 MP: 9/9
   648 | D        | Got the ring "Yxzun" {rF+ MR+ Str+3}
   667 | D        | Entered arena 9.
   667 | D        | Noticed a centaur warrior
   667 | D        | Noticed a rakshasa
   667 | D        | Noticed a stone giant
   667 | D        | Noticed an ironbrand convoker
   669 | D        | Found a transporter.
   672 | D        | Killed an ironbrand convoker
   672 | D        | Reached ****** piety under Trog
   672 | D        | Reached skill level 16 in Fighting
   675 | D        | Killed a centaur warrior
   676 | D        | Killed a rakshasa
   676 | D        | Received a gift from Trog
   676 | D        | Reached skill level 15 in Axes
   682 | D        | Killed a stone giant
   682 | D        | Reached skill level 17 in Fighting
   738 | D        | Entered arena 10.
   738 | D        | Noticed a large abomination
   740 | D        | Found a transporter.
   744 | D        | Received a gift from Trog
   748 | D        | Killed a large abomination
   748 | D        | Reached XP level 11. HP: 117/117 MP: 10/10
   799 | D        | Entered arena 11.
   800 | D        | Found a transporter.
   803 | D        | Received a gift from Trog
   814 | D        | Received a gift from Trog
   826 | D        | Got the ring of Bonuuhol {rC+ Str+3 Stlth+}
   837 | D        | Got the +4 hand axe of Res Nullius {venom, Stlth+}
   941 | D        | Entered arena 12.
   942 | D        | Noticed an anaconda
   943 | D        | Noticed a nagaraja
   944 | D        | Found a transporter.
   953 | D        | Killed an anaconda
   953 | D        | Received a gift from Trog
   955 | D        | Reached skill level 18 in Fighting
   959 | D        | Received a gift from Trog
   960 | D        | Identified the +3 flail "Arurhik" {venom, +Rage Dex+3}
   960 | D        | Slain by a nagaraja

Skill      XL: |  1  2  3  4  5  6  7  8  9 10 11 |
---------------+----------------------------------+-----
Fighting       | 8 10 11 12 14 15 17 18 | 18.0
Axes           | 8 10 11 12 13 14 16 17 | 17.5
Armour         | 4 5 6 7 9 10 12 | 12.7
Dodging        | 4 5 6 7 |  7.7
Polearms       | 3 5 8 11 14 | 14.9
Stealth        | |  0.4

Action                   |  1- 3 |  4- 6 |  7- 9 | 10-12 || total
-------------------------+-------+-------+-------+-------++-------
Melee: Demon trident     |     2 |    19 |    35 |       ||    56
       Headbutt          |     1 |     5 |     6 |    14 ||    26
       Broad axe         |       |       |     6 |    54 ||    60
Invok: Berserk           |     1 |     1 |     3 |     3 ||     8
       Burn Spellbooks   |       |     1 |     1 |     2 ||     4
  Use: Scroll            |       |       |     1 |     1 ||     2
  Eat: Chunk             |       |       |     2 |     5 ||     7
Armor: Shadow dragon sca |       |    11 |    24 |    21 ||    56
Dodge: Dodged            |       |     6 |    23 |    32 ||    61
